 Dungeon Crawl Stone Soup version 0.27-a0-1299-g1ab19c6527 (webtiles) character file.

Game seed: 8965388656328220100

1332 bilbop the Skirmisher (level 8, -1/70 HPs)
             Began as a Hill Orc Fighter on June 17, 2021.
             Was a Follower of Beogh.
             Slain by a vampire (11 damage)
             ... on level 7 of the Dungeon.
             The game lasted 00:25:55 (6032 turns).

bilbop the Skirmisher (Hill Orc Fighter)            Turns: 6032, Time: 00:25:56

Health: -1/70      AC: 12    Str: 20    XL:     8   Next: 61%
Magic:  20/20      EV:  7    Int:  8    God:    Beogh [*.....]
Gold:   275        SH:  0    Dex: 11    Spells: 7/7 levels left

rFire    . . .     SeeInvis .   a - +2 hand axe (freeze)
rCold    . . .     Faith    .   c - +0 kite shield
rNeg     . . .     Spirit   .   r - +0 scale mail
rPois    .         Reflect  .   (no helmet)
rElec    .         Harm     .   (no cloak)
rCorr    .         Rampage  .   m - +0 pair of gloves
Will     .....                  h - +2 pair of boots
Stlth    ..........             (no amulet)
HPRegen  0.21/turn              y - ring of magical power
MPRegen  0.17/turn              (no ring)

@: confused
A: no striking features
a: Renounce Religion


You were on level 7 of the Dungeon.
You worshipped Beogh.
Beogh was aware of your devotion.
You visited 1 branch of the dungeon, and saw 7 of its levels.

You collected 275 gold pieces.

Inventory:

Hand Weapons
 a - a +2 hand axe of freezing (weapon)
 b - a +0 hunting sling
 x - a +0 hand crossbow
Missiles
 j - 43 sling bullets
Armour
 c - a +0 kite shield (worn)
 h - a +2 pair of boots (worn)
 m - a +0 pair of gloves (worn)
 r - a +0 scale mail (worn)
Jewellery
 y - a ring of magical power (left hand)
Wands
 l - a wand of iceblast (5)
 A - a wand of flame (27)
 B - a wand of polymorph (3)
Scrolls
 i - 2 scrolls of magic mapping
 k - a scroll of noise {unknown}
 n - a scroll of fog
 v - a scroll of brand weapon
 w - a scroll of summoning
Potions
 d - 3 potions of might
 e - a potion of invisibility {unknown}
 f - 2 potions of flight
 g - 2 potions of cancellation {unknown}
 o - 2 potions of heal wounds {unknown}
 p - 3 potions of haste
 z - 3 potions of berserk rage


   Skills:
 + Level 6.3 Fighting
 + Level 6.2 Axes
 + Level 3.0 Slings
 + Level 5.9 Armour
 + Level 5.7 Shields
 + Level 4.5 Invocations


You had 7 spell levels left.
You didn't know any spells.
Your spell library contained the following spells:

 Spells                   Type           Power      Damage    Failure   Level
 Sandblast                Erth           0%         2d4       98%         1
 Summon Small Mammal      Summ           0%         N/A       98%         1
 Summon Ice Beast         Ice/Summ       0%         N/A       100%        4
 Summon Forest            Summ/Tloc      0%         N/A       100%        5
 Dragon's Call            Summ           0%         N/A       100%        9


Dungeon Overview and Level Annotations

Branches:
Dungeon (7/15)             Temple (0/1) D:6

Altars:
Cheibriados
Gozag

Shops:
D:1 =

Annotations:
D:5 1 runed translucent door, scarywalker64's ghost, weakling DgDe
D:6 2 transporters, bande's ghost, novice GrFi


Message History

You shoot a sling bullet.
The sling bullet barely misses the vampire.
The vampire hits you but does no damage.
The vampire bites you!
The vampire draws strength from your injuries!
Your +2 hand axe of freezing glows with a cold blue light!
a - a +2 hand axe of freezing (weapon)
You hit the vampire. You freeze the vampire.
The vampire is moderately damaged.
You block the vampire's attack. x2
You hit the vampire. You freeze the vampire.
The vampire is heavily damaged.
The vampire barely misses you.
The vampire bites you but does no damage.
The vampire mumbles some strange words.
The vampire flickers and vanishes!
Deactivating autopickup; reactivate with Ctrl-A.
You miss something. Something hits you! Something bites you!
Something draws strength from your injuries!
You miss something. Something hits you. Something bites you.
Something draws strength from your injuries!
You hit something. Something hits you. Something bites you.
Something draws strength from your injuries!
You hit something but do no damage. Something hits you.
Something bites you but does no damage.
You hit something but do no damage. Something hits you. Something bites you!
* * * LOW HITPOINT WARNING * * *
Something draws strength from your injuries!
Something hits you.
* * * LOW HITPOINT WARNING * * *
Something bites you.
* * * LOW HITPOINT WARNING * * *
Something draws strength from your injuries!
You hit something. You freeze something.
You hear some strange, mumbled words.
You are confused.
You're too confused to move!
Something hits you.
* * * LOW HITPOINT WARNING * * *
Something bites you!
You die...

#................#
##..#............#
#>.###........# #
.. #.......### ..
##.##..## ...
....##.## ....
....###...####
....# ..#..#
#^......#.....# .
#..
#..###.@.......
..# #.# ##.{......
#.. ... .........
.... #....(....
##..# #.....(...
... .........(
##...###.. .$...
.(


There were no monsters in sight!

Vanquished Creatures
  Sigmund (D:5)
  A black bear (D:4)
  2 ogres
  A kobold brigand (D:6)
  2 scorpions
  An elf skeleton (D:5)
  A bullfrog zombie (D:5)
  3 hounds
  A human zombie (D:5)
  2 jellies
  3 orc priests
  A human skeleton (D:5)
  An orc wizard (D:4)
  Ijyb (D:5)
  3 iguanas
  A hound zombie (D:5)
  3 gnolls (D:3)
  5 adders
  2 ufetubi
  3 worms
  2 dart slugs
  20 orcs
  A bat (D:2)
  5 endoplasms
  3 giant cockroaches
  5 goblins
  7 hobgoblins
  12 kobolds
  8 quokkas
  4 ball pythons
  5 frilled lizards
  2 orc skeletons (D:5)
  An orc zombie (D:5)
  7 rats
120 creatures vanquished.

Vanquished Creatures (others)
  An orc (D:3)
  A kobold (D:3)
2 creatures vanquished.

Grand Total: 122 creatures vanquished

Notes
Turn   | Place    | Note
-------+----------+-------------------------------------------
     0 | D:1      | bilbop the Hill Orc Fighter began the quest for the Orb.
     0 | D:1      | Reached XP level 1. HP: 19/19 MP: 1/1
   159 | D:1      | Found a faded altar of an unknown god.
   253 | D:1      | Reached XP level 2. HP: 25/27 MP: 2/2
   545 | D:1      | Found Guselutt's Jewellery Shop.
   718 | D:1      | Reached XP level 3. HP: 33/33 MP: 3/3
  1119 | D:2      | Found a snail-covered altar of Cheibriados.
  1557 | D:2      | Reached XP level 4. HP: 40/40 MP: 4/4
  2047 | D:3      | Identified the Tome of Ashen Calling
  2354 | D:3      | Reached XP level 5. HP: 28/47 MP: 5/5
  2803 | D:3      | Became a worshipper of Beogh the Brigand
  2991 | D:4      | Reached skill level 1 in Invocations
  3035 | D:4      | Reached skill level 1 in Slings
  3151 | D:4      | Noticed a black bear
  3166 | D:4      | Killed a black bear
  3167 | D:4      | Reached skill level 5 in Fighting
  3167 | D:4      | Reached XP level 6. HP: 38/56 MP: 5/7
  3941 | D:5      | Entered Level 5 of the Dungeon
  3955 | D:5      | Reached XP level 7. HP: 49/61 MP: 8/8
  4146 | D:5      | Reached skill level 5 in Axes
  4156 | D:5      | Reached skill level 5 in Armour
  4216 | D:5      | Found a runed translucent door.
  4216 | D:5      | Noticed scarywalker64's ghost (weakling DgDe)
  4372 | D:5      | Reached * piety under Beogh
  4373 | D:5      | Reached skill level 5 in Shields
  4898 | D:5      | Reached XP level 8. HP: 53/70 MP: 10/10
  5009 | D:5      | Noticed Ijyb
  5017 | D:5      | Killed Ijyb
  5233 | D:5      | Noticed Sigmund
  5249 | D:5      | Killed Sigmund
  5266 | D:5      | Noticed a yak
  5268 | D:5      | Noticed a yak
  5269 | D:5      | Noticed a yak
  5444 | D:6      | Found an opulent altar of Gozag.
  5446 | D:6      | Found an opulent altar of Gozag.
  5466 | D:6      | Found an opulent altar of Gozag.
  5476 | D:6      | Found a transporter.
  5489 | D:6      | Found an opulent altar of Gozag.
  5497 | D:6      | Found a transporter.
  5501 | D:6      | Noticed bande's ghost (novice GrFi)
  5690 | D:6      | Found a staircase to the Ecumenical Temple.
  6017 | D:7      | Noticed a vampire
  6032 | D:7      | Slain by a vampire

Illustrated notes

Levels and vault maps discovered:
D:1:      saegor_arrival_simple_c, layout_loops_ring, serial_shops,
          nicolae_square_shop, ebering_ecumenical_altar_rust,
          minmay_tetromino_i2
D:2:      layout_loops_cross, basic_altar
D:3:      layout_loops_corners
D:4:      layout_basic
D:5:      layout_loops_ring, nicolae_ossuary_entry_catacombs,
          hellmonk_ghost_happy_afterlife, kennysheep_another_room, uniq_ijyb,
          uniq_sigmund
D:6:      layout_cave_pools, nicolae_gozag_conspicuous_consumption,
          minmay_temple_entry_statues_fountains, gammafunk_ghost_stat_death,
          corexii_hall_statues_i, hangedman_decor_diamond_cutter,
          kennysheep_flooded_box, st_stairs_10
D:7:      layout_cave_pools, serial_column_ruins, column_ruins_square_medium,
          column_ruins_hut_ruined, column_ruins_corridor_straight,
          column_ruins_open_tiny_water, column_ruins_grid_1,
          column_ruins_columns_corner, column_ruins_corridor_straight

Skill      XL: |  1  2  3  4  5  6  7  8 |
---------------+-------------------------+-----
Axes           | 3 4 5 6 |  6.2
Fighting       | 4 5 6 |  6.3
Armour         | 4 5 |  5.9
Shields        | 4 5 |  5.7
Invocations    | 2 3 4 |  4.5
Slings         | 1 2 3 |  3.0

Action                   |  1- 3 |  4- 6 |  7- 9 || total
-------------------------+-------+-------+-------++-------
Melee: War axe           |   125 |    45 |       ||   170
       Hand axe          |       |    73 |   152 ||   225
       Unarmed           |       |       |     4 ||     4
 Fire: Hunting sling     |       |    44 |    57 ||   101
Invok: Convert to Beogh  |       |     1 |       ||     1
  Use: Scroll            |       |       |    10 ||    10
Armor: Scale mail        |    54 |    52 |    62 ||   168
       Skin              |       |       |     1 ||     1
Dodge: Dodged            |    44 |    47 |    31 ||   122
Block: Kite shield       |    69 |    72 |    45 ||   186

Table legend: (Time is in decaauts)
 A = Elapsed time spent in this place.
 B = Non-inter-level travel time spent in this place.
 C = Inter-level travel time spent in this place.
 D = Time resting spent in this place.
 E = Time spent auto-exploring this place.
 F = Levels seen in this place.
 G = Mean time per level.
                   A        B        C        D        E       F      G
               +--------+--------+--------+--------+--------+-----+--------+
         Total |   6178 |   6005 |    173 |    911 |   3918 |   7 |  882.6 |
       Dungeon |   6178 |   6005 |    173 |    911 |   3918 |   7 |  882.6 |
               +--------+--------+--------+--------+--------+-----+--------+

Top non-repeatable levels by time:
     D:4: 1239 daAuts
     D:5: 1196 daAuts
     D:3: 1098 daAuts
     D:2: 950 daAuts
     D:1: 946 daAuts
     D:6: 701 daAuts
     D:7: 45 daAuts
